 Dungeon Crawl Stone Soup version 0.31-a0-844-gdc52ec4e09 (webtiles) character file.

Game seed: 17908923866480506423

1037 Dirtsage the Ruffian (level 8, 0/62 HPs)
             Began as a Demonspawn Berserker on Sept 28, 2023.
             Was a Priest of Trog.
             Succumbed to a scorpion's poison
             ... on level 6 of the Dungeon.
             The game lasted 00:05:51 (4181 turns).

Dirtsage the Ruffian (Demonspawn Berserker)         Turns: 4181, Time: 00:05:52

Health: 0/62       AC:  8    Str: 20    XL:     8   Next: 4%
Magic:  8/8        EV:  8    Int:  9    God:    Trog [***...]
Gold:   256        SH:  4    Dex: 12    Spells: 7/7 levels left

rFire   + .          .
                       - Unarmed
rCold   + . .        (no shield)
rNeg    . . .        c - +0 chain mail
rPois   .            (helmet restricted)
rElec   .            (no cloak)
rCorr   .            (no gloves)
SInv    .            (no boots)
Will    .....        (no amulet) Stlth
                     I - ring of protection from cold
HPRegen 0.30/turn    F - ring of protection from fire
MPRegen 0.11/turn

%: no passive effects
@: lethally poisoned (0 -> -1), on berserk cooldown, slowed, very slow
A: antennae 1, demonic guardian 2, condensation shield
a: Renounce Religion, Berserk, Trog's Hand


You were on level 6 of the Dungeon.
You worshipped Trog.
Trog was most pleased with you.
You visited 1 branch of the dungeon, and saw 6 of its levels.

You collected 256 gold pieces.

Inventory:

Armour
 b - a +0 animal skin
 c - a +0 chain mail (worn)
Jewellery
 p - a ring of fire
 F - a ring of protection from fire (right hand)
 I - a ring of protection from cold (left hand)
Wands
 o - a wand of flame (10)
Scrolls
 d - 2 scrolls of vulnerability {unknown}
 f - 2 scrolls of noise {unknown}
 h - 2 scrolls of teleportation {unknown}
 j - a scroll of revelation {unknown}
 m - 5 scrolls of identify {unknown}
 n - a scroll of fog {unknown}
 q - a scroll of blinking {unknown}
Potions
 a - 2 potions of brilliance {unknown}
 e - a potion of mutation {unknown}
 g - 5 potions of curing {unknown}
 i - a potion of cancellation {unknown}
 k - a potion of magic {unknown}
 l - a potion of resistance {unknown}
 r - 2 potions of degeneration {unknown}
 s - a potion of invisibility {unknown}
 t - a potion of might {unknown}
 u - a potion of attraction {unknown}


   Skills:
 + Level 5.2 Fighting
 - Level 3.3 Axes
 - Level 1.7 Armour
 - Level 1.7 Dodging
 * Level 7.2 Unarmed Combat


You had 7 spell levels left.
You didn't know any spells.
Your spell library contained the following spells:

 Spells                   Type           Power      Damage    Failure   Level
 Ensorcelled Hibernation  Hex/Ice        0%         N/A       99%         2
 Passwall                 Tmut/Erth      0%         N/A       99%         2
 Dazzling Flash           Conj/Hex       0%         N/A       100%        3
 Swiftness                Air            0%         N/A       100%        3
 Volatile Blastmotes      Fire/Tloc      0%         2d10      100%        3
 Fulminant Prism          Conj/Hex       0%         3d5       100%        4
 Iskenderun's Mystic Bla  Conj/Tloc      0%         2d3       100%        4
 Starburst                Conj/Fire      0%         6d3       100%        6
 Maxwell's Capacitive Co  Air            0%         ∞         100%        8


Dungeon Overview and Level Annotations

Branches:
Dungeon (6/15)
 Temple: D:4-7

Altars:

Annotations:
D:3 2 transporters


Innate Abilities, Weirdness & Mutations

You have a pair of small antennae on your head.
A demonic guardian rushes to your aid.
A meltable shield of frost defends you. (SH +4)


Message History

You barely miss the gnoll.
The gnoll is lightly wounded.
You feel very sick. The gnoll hits you with a +0 whip.
The gnoll hits you with a +0 club.
* * * LOW HITPOINT WARNING * * *
The gnoll hits you with a +0 whip.
* * * LOW HITPOINT WARNING * * *
The gnoll hits you but does no damage.
You take 14 damage, and have 11/62 hp.
MASSIVE DAMAGE!!
You hit the gnoll.
The gnoll is heavily wounded.
You feel sick.
Your ice devil hits the gnoll!
The gnoll dies!
Trog accepts your kill. The gnoll hits you but does no damage.
You take 2 damage, and have 9/62 hp.
You feel sick.
Your ice devil disappears in a puff of smoke!
The gnoll hits you with a +0 whip.
* * * LOW HITPOINT WARNING * * *
Items here: $ )) †.
You take 4 damage, and have 5/62 hp.
You hit the gnoll.
The gnoll is lightly wounded.
* * * LOW HITPOINT WARNING * * *
You feel sick. The gnoll hits you with a +0 whip.
* * * LOW HITPOINT WARNING * * *
You block the gnoll's attack.
You take 3 damage, and have 2/62 hp.
You punch the gnoll!
The gnoll is severely wounded.
* * * LOW HITPOINT WARNING * * *
You feel sick. The gnoll hits you but does no damage.
You take 1 damage, and have 1/62 hp.
You punch the gnoll!
You kill the gnoll!
Trog accepts your kill.
* * * LOW HITPOINT WARNING * * *
You feel sick.
You die...

##+# ##...## # ###
##.....## #.##.##
##.......###
#.#...####.........##
#?.......+...........
#.@)# #...........
##.)# #.......#..
##)# ##.....##.. #.#
##...####. #.# ##'##
## #.# #.# # #.# #.#
#.# ##.######
#.#######...#....


There were no monsters in sight!

Vanquished Creatures
  2 phantoms
  A gnoll sergeant (D:6)
  A bullfrog (D:6)
  2 scorpions (D:6)
  A howler monkey (D:5)
  4 hounds
  3 sleepcaps (D:5)
  An iguana (D:5)
  Ijyb (D:4)
  2 orc wizards (D:6)
  4 gnolls (D:6)
  7 adders
  2 white imps (D:5)
  An ufetubus (D:5)
  4 dart slugs
  4 orcs
  3 ball pythons
  7 endoplasms
  3 giant cockroaches
  9 goblins
  3 hobgoblins
  3 jackals
  2 kobolds
  3 quokkas
  8 bats
  2 frilled lizards
  6 rats
89 creatures vanquished.

Vanquished Creatures (collateral kills)
  A scorpion (D:6)
  A quasit (D:5)
  A gnoll (D:6)
  2 white imps (D:5)
  An ufetubus (D:5)
  A jackal (D:5)
7 creatures vanquished.

Grand Total: 96 creatures vanquished

Notes
Turn   | Place    | Note
-------+----------+-------------------------------------------
     0 | D:1      | Dirtsage the Demonspawn Berserker began the quest for the
                  | Orb.
     0 | D:1      | Reached XP level 1. HP: 18/18 MP: 1/1
   122 | D:1      | Discovered your monstrous ancestry.
   122 | D:1      | Gained mutation: You have a pair of small antennae on your
                  | head. [demonic ancestry]
   122 | D:1      | Reached XP level 2. HP: 18/24 MP: 2/2
   285 | D:1      | Reached skill level 1 in Unarmed Combat
   744 | D:2      | Reached XP level 3. HP: 27/29 MP: 3/3
   812 | D:2      | Reached ** piety under Trog
   849 | D:2      | Reached skill level 2 in Unarmed Combat
  1470 | D:3      | Gained mutation: A weak demonic guardian rushes to your
                  | aid. [demonic ancestry]
  1470 | D:3      | Reached XP level 4. HP: 31/35 MP: 4/4
  1701 | D:3      | Reached skill level 3 in Unarmed Combat
  1708 | D:3      | Noticed a phantom
  1722 | D:3      | Killed a phantom
  1723 | D:3      | Reached skill level 4 in Unarmed Combat
  1723 | D:3      | Reached XP level 5. HP: 31/41 MP: 5/5
  1841 | D:3      | Found a transporter.
  1900 | D:3      | Found a transporter.
  2440 | D:4      | Noticed Ijyb
  2448 | D:4      | Killed Ijyb
  2756 | D:5      | Entered Level 5 of the Dungeon
  2853 | D:5      | Gained mutation: A demonic guardian rushes to your aid.
                  | [demonic ancestry]
  2853 | D:5      | Reached XP level 6. HP: 27/47 MP: 6/6
  2857 | D:5      | Reached skill level 5 in Unarmed Combat
  3752 | D:6      | Reached *** piety under Trog
  3753 | D:6      | Reached skill level 6 in Unarmed Combat
  3753 | D:6      | Reached XP level 7. HP: 51/54 MP: 7/7
  4164 | D:6      | Reached skill level 5 in Fighting
  4164 | D:6      | Reached skill level 7 in Unarmed Combat
  4175 | D:6      | Gained mutation: A meltable shield of frost defends you.
                  | (SH +4) [demonic ancestry]
  4175 | D:6      | Reached XP level 8. HP: 25/62 MP: 8/8
  4178 | D:6      | HP: 2/62 [gnoll/+0 whip[a gnoll sergeant] (2)]
  4181 | D:6      | Succumbed to a scorpion's poison

Illustrated notes

Levels and vault maps discovered:
D:1:      psy_arrival_conway, layout_basic
D:2:      layout_basic, minmay_cupped
D:3:      gammafunk_wand_slinger, layout_basic, kennysheep_generic_room_4
D:4:      layout_cave_pools, uniq_ijyb
D:5:      layout_loops_ring, serial_demonic, serial_demonic_f, serial_demonic_e,
          serial_demonic_b, serial_demonic_c, palyth_stone_intersect,
          bh_walls_and_bars
D:6:      layout_loops_corners, grunt_ministairs_1, kennysheep_generic_room_3,
          uniq_maggie

Skill      XL: |  1  2  3  4  5  6  7 |
---------------+----------------------+-----
Axes           | 3 |  3.3
Unarmed Combat | 1 2 4 6 7 |  7.2
Fighting       | 4 5 |  5.2
Armour         | |  1.7
Dodging        | |  1.7

Action                     |  1- 3 |  4- 6 |  7- 9 || total
---------------------------+-------+-------+-------++-------
  Melee: Hand axe          |   125 |    33 |       ||   158
         Punch             |     2 |     3 |     1 ||     6
         Unarmed           |       |   146 |    63 ||   209
 Invoke: Berserk           |     1 |     3 |     2 ||     6
 Armour: Chain mail        |   121 |   155 |    61 ||   337
         Animal skin       |     3 |       |       ||     3
  Dodge: Dodged            |    62 |    86 |    27 ||   175
  Block: Other             |       |       |     1 ||     1

Table legend: (Time is in decaauts)
 A = Elapsed time spent in this place.
 B = Non-inter-level travel time spent in this place.
 C = Inter-level travel time spent in this place.
 D = Time resting spent in this place.
 E = Time spent auto-exploring this place.
 F = Levels seen in this place.
 G = Mean time per level.
                   A        B        C        D        E       F      G
               +--------+--------+--------+--------+--------+-----+--------+
         Total |   4235 |   4154 |     81 |    196 |   3306 |   6 |  705.8 |
       Dungeon |   4235 |   4154 |     81 |    196 |   3306 |   6 |  705.8 |
               +--------+--------+--------+--------+--------+-----+--------+

Top non-repeatable levels by time:
     D:5: 978 daAuts
     D:2: 812 daAuts
     D:3: 768 daAuts
     D:1: 680 daAuts
     D:4: 546 daAuts
     D:6: 447 daAuts
